 Dungeon Crawl Stone Soup version 0.30-a0-824-g6c64550be9 (webtiles) character file.

Game seed: 13680716405409854193

292 Esekla the Covert (level 6, -2/63 HPs)
             Began as an Octopode Delver on Feb 28, 2023.
             Was an Initiate of Gozag.
             Splashed by a jelly's acid (4 damage)
             ... on level 4 of the Dungeon.
             The game lasted 00:12:21 (1167 turns).

Esekla the Covert (Octopode Delver)                 Turns: 1167, Time: 00:12:22

Health: -2/63      AC: 15    Str: 12    XL:     6   Next: 33%
Magic:  8/8        EV:  2    Int: 14    God:    Gozag
Gold:   172        SH:  0    Dex: 13    Spells: 8/8 levels left

rFire   . . .      SeeInvis .    a - +0 falchion
rCold   . . .      Faith    .    (no shield)
rNeg    . . .      Spirit   .    (helmet currently unavailable)
rPois   +          Reflect  .    (no amulet)
rElec   .          Harm     .    (no ring)
rCorr   .          Rampage  .    (no ring)
Will    .....      NoTele   +    (no ring)
Stlth   ++++                     (no ring)
HPRegen 0.30/turn                (no ring)
MPRegen 0.11/turn                (no ring)
                                 (no ring)
                                 (no ring)

@: brilliant, tree-form (expiring), corroded
A: stationary, stasis, torment immunity, boosted hp, almost no armour,
(amphibious), 8 rings, (camouflage 1), (gelatinous body 1), (nimble swimmer 1),
(tentacles)
a: Renounce Religion, Potion Petition, Call Merchant, Bribe Branch


You were on level 4 of the Dungeon.
You worshipped Gozag.
Gozag was aware of your devotion.
You were a tree.
You visited 2 branches of the dungeon, and saw 3 of its levels.
You also visited: Sewer.

You collected 191 gold pieces.
You paid 19 gold pieces to Gozag.

Inventory:

Hand Weapons
 a - a +0 falchion (weapon)
 r - a +0 heavy trident
 s - a +0 dagger
Jewellery
 g - a ring of ice
Wands
 f - a wand of digging (2)
Scrolls
 b - 2 scrolls of fog
 d - a scroll of amnesia {unknown}
 h - a scroll of identify
 j - a scroll of teleportation {unknown}
 l - a scroll of enchant armour {unknown}
Potions
 e - a potion of brilliance
 k - a potion of attraction


   Skills:
 * Level 3.5 Fighting
 + Level 0.7(2.5) Short Blades
 * Level 3.9(4.0) Long Blades
 * Level 2.8 Dodging
 + Level 8.3 Stealth
 * Level 1.5 Spellcasting


You had 8 spell levels left.
You didn't know any spells.
Your spell library was empty.

Dungeon Overview and Level Annotations

Branches:
Dungeon (5/15)             Temple (1/1) D:5           Sewer (visited)

Altars:
Ashenzari
Gozag
Hepliaklqana
Kikubaaqudgha
Makhleb
Nemelex Xobeh
Qazlal
Uskayaw
Vehumet
The Shining One


Innate Abilities, Weirdness & Mutations

You are a tree.
Your roots penetrate the ground, keeping you stationary.
You cannot be teleported.
You are immune to unholy pain and torment.
Your maximum health is greatly increased.
You cannot wear most types of armour.
((You are amphibious.))
You can wear up to eight rings at the same time.
((Your skin changes colour to match your surroundings (Stealth+).))
((Your rubbery body absorbs attacks. (AC +1, EV +1)))
((You are camouflaged when in or above water. (Stealth+)))
((You have tentacles for arms and can constrict up to eight enemies at once.))


Message History

It is a scroll of identify.
k - a potion of attraction The jelly closely misses you.
Really quaff the potion of lignification?
You turn into a tree.
Your roots penetrate the ground.
The jelly hits you.
You are splashed with acid!
* * * LOW HITPOINT WARNING * * *
You hit the jelly but do no damage.
Your branches burn!
* * * LOW HITPOINT WARNING * * *
The jelly is moderately wounded.
The jelly hits you.
* * * LOW HITPOINT WARNING * * *
You are splashed with acid.
* * * LOW HITPOINT WARNING * * *
You feel better. The jelly hits you but does no damage.
You completely miss the jelly.
The jelly is moderately wounded.
The jelly barely misses you.
You hit the jelly but do no damage.
Your branches burn!
* * * LOW HITPOINT WARNING * * *
You punch the jelly, but do no damage.
The jelly is moderately wounded.
The jelly hits you but does no damage.
You barely miss the jelly.
The jelly is moderately wounded.
The jelly hits you but does no damage.
You hit the jelly but do no damage.
Your branches burn!
* * * LOW HITPOINT WARNING * * *
The jelly is moderately wounded.
Your transformation is almost over.
The jelly hits you but does no damage. The jelly hits you.
* * * LOW HITPOINT WARNING * * *
You are splashed with acid!
* * * LOW HITPOINT WARNING * * *
Okay, then.
Okay, then.
Unknown command.
You hit the jelly but do no damage.
Your branches burn!
You die...
Your body crumbles into a pile of gold.

.. .. . .## . .
.... ..# ###.
...## ....
#..##.....
.....#.........
...............
..?....♣.......
........J......
.........##....
..##.....# ...
# #....... .
#.......#
.........
#..........


You could see a jelly.

Vanquished Creatures
  A scorpion (D:5)
  A necrophage (D:5)
  An orc priest (D:5)
  An orc wizard (D:5)
  8 adders (Sewer)
  3 river rats (Sewer)
  3 orcs (D:5)
  3 giant cockroaches (D:5)
  5 quokkas (D:5)
  5 frilled lizards (Sewer)
  4 rats (Sewer)
35 creatures vanquished.

Notes
Turn   | Place    | Note
-------+----------+-------------------------------------------
     0 | D:5      | Esekla the Octopode Delver began the quest for the Orb.
     0 | D:5      | Reached XP level 1. HP: 16/16 MP: 1/1
     4 | D:5      | Noticed a necrophage
    14 | D:5      | Found a staircase to the Ecumenical Temple.
    14 | D:5      | Noticed an orc priest
    25 | D:5      | Killed a necrophage
    26 | D:5      | Reached skill level 7 in Stealth
    26 | D:5      | Reached XP level 2. HP: 21/21 MP: 1/3
    26 | D:5      | Reached XP level 3. HP: 26/26 MP: 1/4
    41 | D:5      | Noticed a scorpion
    95 | D:5      | Reached XP level 4. HP: 31/31 MP: 5/5
   136 | D:5      | Found a glowing drain.
   176 | D:5      | Killed a scorpion
   177 | D:5      | Reached skill level 8 in Stealth
   177 | D:5      | Reached skill level 1 in Spellcasting
   177 | D:5      | Reached XP level 5. HP: 26/36 MP: 6/6
   209 | Temple   | Entered the Ecumenical Temple
   287 | Temple   | Became a worshipper of Gozag Ym Sagoz the Greedy
   433 | Sewer    | Entered a sewer
   602 | Sewer    | Reached XP level 6. HP: 42/42 MP: 8/8
  1116 | D:5      | Noticed an orc warrior
  1166 | D:4      | HP: 2/63 [acid (9)]
  1167 | D:4      | Splashed by a jelly's acid

Illustrated notes

Levels and vault maps discovered:
D:4:      layout_cave_pools, amcnicky_mini_corridor_feature,
          nicolae_figureground_sparkle
D:5:      layout_rooms, mainiacjoe_overflow_chevrons,
          minmay_temple_entry_proselytizer, gup_sewer_entry_pipe,
          guppyfry_early_orc_mine
Temple:   nicolae_temple_bog_church

Skill      XL: |  1  2  3  4  5 |
---------------+----------------+-----
Stealth        | 7 8 |  8.3
Spellcasting   | 1 |  1.5
Long Blades    | 3 |  3.9
Fighting       | |  3.5
Short Blades   | |  0.7
Dodging        | |  2.8

Action                     |  1- 3 |  4- 6 || total
---------------------------+-------+-------++-------
  Melee: Falchion          |     9 |    83 ||    92
         Tentacles         |     4 |    14 ||    18
         Constrict         |     2 |    17 ||    19
         Dagger            |       |    13 ||    13
         Punch             |       |     1 ||     1
  Evoke: Wand              |       |     1 ||     1
    Use: Scroll            |     1 |     2 ||     3
         Potion            |     1 |     5 ||     6
   Stab: Sleeping          |       |     9 ||     9
         Distracted        |       |     2 ||     2
 Armour: Skin              |     1 |    37 ||    38
  Dodge: Dodged            |     7 |    39 ||    46

Table legend: (Time is in decaauts)
 A = Elapsed time spent in this place.
 B = Non-inter-level travel time spent in this place.
 C = Inter-level travel time spent in this place.
 D = Time resting spent in this place.
 E = Time spent auto-exploring this place.
 F = Levels seen in this place.
 G = Mean time per level.
                   A        B        C        D        E       F      G
               +--------+--------+--------+--------+--------+-----+--------+
         Total |   1156 |   1143 |     13 |    160 |    166 |   4 |  289.0 |
       Dungeon |    411 |    411 |      0 |      0 |     26 |   2 |  205.5 |
        Temple |    130 |    117 |     13 |     36 |     65 |   1 |  130.0 |
         Sewer |    614 |    614 |      0 |    124 |     75 |   1 |  614.0 |
               +--------+--------+--------+--------+--------+-----+--------+

Top non-repeatable levels by time:
   Sewer: 614 daAuts
     D:5: 398 daAuts
  Temple: 130 daAuts
     D:4: 13 daAuts
